cohdb
Replays
Latest Replays
All Replays
Popular Replays
Top Player Replays
Match Explorer
How It Works
Community
CoH3 Stats
Reddit
Sign in to upload your games and track your stats! →
Sign in with Steam
Match 39995191
Unlisted
Match 39995191
Overview
Messages
Build Orders
End
250 Light Carrier
Selects Panzerjäger Kommand Battlegroup
Selects Blockade Equipment
Panzergrenadier Squad
Panzergrenadier Squad
Construct Light Support Kompanie
MG34 Team
Fire Support Elements
Selects GrB 39 Grenade Launcher Requisition
2.5-tonne Medical Truck
le.IG 18 Support Gun Team
Pak 38 Anti-tank Gun Team
Selects Defensive Positions
Veteran Squad Leaders
2.5-tonne Medical Truck
Construct Panzerarmee Kommand
Buddy^
Plaka
KeepMovingShnep
Particycles
Pinhead Larry
Steelcurrent
0
0
Comments
sign in to comment!
No comments posted yet!